 Dungeon Crawl Stone Soup version 0.29-a0-91-gdebf4667c2 (webtiles) character file.

Game seed: 12509223778337415679

82 lordive the Bolt Thrower (level 4, 0/26 HPs)
             Began as a Kobold Hunter on Feb 7, 2022.
             Slain by an orc (7 damage)
             ... on level 2 of the Dungeon.
             The game lasted 00:02:42 (1993 turns).

lordive the Bolt Thrower (Kobold Hunter)            Turns: 1993, Time: 00:02:43

Health: 0/26       AC:  7    Str:  9    XL:     4   Next: 70%
Magic:  4/4        EV: 17    Int: 14    God:
Gold:   54         SH:  0    Dex: 15    Spells: 3/3 levels left

rFire   . . .      SeeInvis .   a - +1 hand crossbow
rCold   . . .      Faith    .   (no shield)
rNeg    . . .      Spirit   .   g - +0 ring mail
rPois   .          Reflect  .   j - +1 helmet
rElec   .          Harm     .   (no cloak)
rCorr   .          Rampage  .   (no gloves)
Will    .....                   (no boots)
Stlth   +++.......              (no amulet)
HPRegen 0.08/turn               e - +4 ring of evasion
MPRegen 0.09/turn               (no ring)

@: no status effects
A: small, no large weapons, nightstalker 3
a: no special abilities


You were on level 2 of the Dungeon.
You visited 1 branch of the dungeon, and saw 3 of its levels.

You collected 54 gold pieces.

Inventory:

Hand Weapons
 a - a +1 hand crossbow (weapon)
 b - a +0 short sword
Missiles
 d - 38 bolts (quivered ammo)
Armour
 c - a +0 leather armour
 g - a +0 ring mail (worn)
 j - a +1 helmet (worn)
Jewellery
 e - a +4 ring of evasion (left hand)
 f - a ring of wizardry
Scrolls
 i - 3 scrolls of identify {unknown}
 k - a scroll of amnesia {unknown}
Potions
 h - a potion of berserk rage {unknown}
 l - a potion of degeneration {unknown}


   Skills:
 * Level 2.2 Fighting
 + Level 2.3 Short Blades
 * Level 5.5 Crossbows
 + Level 0.8 Armour
 * Level 2.9 Dodging
 + Level 2.8 Stealth


You had 3 spell levels left.
You didn't know any spells.
Your spell library contained the following spells:

 Spells                   Type           Power      Damage    Failure   Level
 Ignite Poison            Fire/Tmut/Pois 0%         N/A       94%         3
 Mephitic Cloud           Conj/Pois/Air  0%         N/A       94%         3
 Freezing Cloud           Conj/Ice/Air   0%         6-21      100%        5


Dungeon Overview and Level Annotations

Branches:
Dungeon (3/15)

Altars:


Innate Abilities, Weirdness & Mutations

You are small and have problems with some larger weapons.
You are completely attuned to the shadows.


Message History

The orc is heavily wounded.
The orc closely misses you. The orc hits you but does no damage. x2
You barely miss the orc.
The orc is heavily wounded.
The orc barely misses you. The orc misses you. x2
You barely miss the orc.
The orc is heavily wounded.
The orc closely misses you. The orc hits you with a +3 dagger.
The orc hits you with a +0 hand axe.
You are too injured to fight recklessly!
You are too injured to fight recklessly!
You are too injured to fight recklessly!
You are too injured to fight recklessly!
You are too injured to fight recklessly!
You are too injured to fight recklessly!
You are too injured to fight recklessly!
You are too injured to fight recklessly!
You are too injured to fight recklessly!
You are too injured to fight recklessly!
Unknown command.
There is a stone staircase leading up here.
The orc barely misses you.
You climb upwards.
There is a stone staircase leading down here.
a - a +1 hand crossbow (weapon)
The orc hits you with a +0 war axe.
* * * LOW HITPOINT WARNING * * *
Fire: 40 bolts
Press: ? - help, Q - select action Shift-Dir - straight line, f - orc
Aim: an orc, wielding a +0 war axe (66% to hit)
You shoot a bolt. The bolt hits the orc.
The orc is heavily wounded.
The orc closely misses you.
Fire: 39 bolts
Press: ? - help, Q - select action Shift-Dir - straight line, f/p - orc
Aim: an orc, wielding a +0 war axe (heavily wounded, 66% to hit)
You shoot a bolt. The bolt hits the orc.
The orc is almost dead.
The orc hits you with a +0 war axe!
You die...

#.# #.#...##
#.####.#####
..#.....# #...###.#
##....#.#
...#.<..#####
#..###......##
#...##.......########
.#...#.#........@o..#
...#................#
....................#
#.#.............<...#
#...................#
>...####..<.........#
...## #........#####
#.######........# ..#
#......#....#


You could see an orc.

Vanquished Creatures
  3 adders (D:2)
  2 worms (D:2)
  4 dart slugs
  4 ball pythons (D:1)
  2 endoplasms
  5 giant cockroaches
  A goblin (D:1)
  4 hobgoblins
  2 quokkas (D:1)
  3 bats
  4 frilled lizards
  3 kobolds
  6 rats
43 creatures vanquished.

Notes
Turn   | Place    | Note
-------+----------+-------------------------------------------
     0 | D:1      | lordive the Kobold Hunter began the quest for the Orb.
     0 | D:1      | Reached XP level 1. HP: 12/12 MP: 1/1
   119 | D:1      | Reached skill level 5 in Crossbows
   297 | D:1      | Reached XP level 2. HP: 17/17 MP: 2/2
   567 | D:1      | Reached XP level 3. HP: 21/21 MP: 3/3
   600 | D:1      | Reached skill level 1 in Short Blades
  1467 | D:2      | Reached XP level 4. HP: 26/26 MP: 4/4
  1882 | D:2      | Found a faded altar of an unknown god.
  1993 | D:2      | Slain by an orc

Illustrated notes

Levels and vault maps discovered:
D:1:      lemuel_arrival_lava_pool, layout_loops_cross
D:2:      layout_rooms, chequers_ecumenical_altar_grove, glass_columns_a,
          hangedman_decor_diamond_cutter, minmay_distorted
D:3:      layout_rooms, fedhas_ov_isle_minmay, serial_undead, serial_undead_f,
          serial_undead_a, serial_undead_d, serial_undead_c,
          gup_sewer_entry_spiral, skrybe_limestone_x

Skill      XL: |  1  2  3  4 |
---------------+-------------+-----
Crossbows      | 5 |  5.5
Short Blades   | 1 2 |  2.3
Stealth        | 2 |  2.8
Fighting       | |  2.2
Armour         | |  0.8
Dodging        | |  2.9

Action                   |  1- 3 |  4- 6 || total
-------------------------+-------+-------++-------
Melee: Short sword       |   140 |    46 ||   186
       Punch             |     3 |     2 ||     5
 Fire: Hand crossbow     |       |     2 ||     2
 Stab: Sleeping          |    16 |     4 ||    20
Armor: Ring mail         |    30 |    12 ||    42
Dodge: Dodged            |   105 |    33 ||   138

Table legend: (Time is in decaauts)
 A = Elapsed time spent in this place.
 B = Non-inter-level travel time spent in this place.
 C = Inter-level travel time spent in this place.
 D = Time resting spent in this place.
 E = Time spent auto-exploring this place.
 F = Levels seen in this place.
 G = Mean time per level.
                   A        B        C        D        E       F      G
               +--------+--------+--------+--------+--------+-----+--------+
         Total |   1999 |   1932 |     67 |      0 |   1524 |   3 |  666.3 |
       Dungeon |   1999 |   1932 |     67 |      0 |   1524 |   3 |  666.3 |
               +--------+--------+--------+--------+--------+-----+--------+

Top non-repeatable levels by time:
     D:1: 1018 daAuts
     D:2: 962 daAuts
     D:3: 18 daAuts
